 Dungeon Crawl Stone Soup version 0.32-a0-938-g40ac7a0 (webtiles) character file.

Game seed: 10917641851612680061

11 yaymichael the Chopper (level 2, -4/25 HPs)
             Began as a Mountain Dwarf Reaver on Apr 18, 2024.
             Slain by a gnoll
             ... wielding a +1 flail of holy wrath
              (8 damage)
             ... on level 1 of the Dungeon.
             The game lasted 00:03:28 (253 turns).

yaymichael the Chopper (Mountain Dwarf Reaver)       Turns: 253, Time: 00:03:29

Health: -4/25      AC:  3    Str: 14    XL:     2   Next: 13%
Magic:  4/4        EV: 10    Int: 13    God:
Gold:   54         SH:  0    Dex:  8    Spells: 1/4 levels left

rFire   . . .        a - +0 hand axe
rCold   . . .        (no shield)
rNeg    . . .        b - +0 leather armour
rPois   .            (no helmet)
rElec   .            (no cloak)
rCorr   .            (no gloves)
SInv    .            (no boots)
Will    .....        (no amulet)
Stlth   +            (no ring)
HPRegen 0.24/turn    (no ring)
MPRegen 0.09/turn

%: no passive effects
@: no status effects
A: runic magic, artefact enchanting
a: no special abilities


You were on level 1 of the Dungeon.
You visited 1 branch of the dungeon, and saw 1 of its levels.

You collected 54 gold pieces.

Inventory:

Hand Weapons
 a - a +0 hand axe (weapon)
Missiles
 g - 6 poisoned darts
Armour
 b - a +0 leather armour (worn)
 d - a +2 kite shield of protection
Talismans
 i - a maw talisman
Scrolls
 c - 2 scrolls of identify {unknown}
 f - a scroll of blinking {unknown}
Potions
 e - a potion of curing {unknown}
 h - a potion of degeneration {unknown}


   Skills:
 * Level 2.3 Fighting
 * Level 3.8 Axes
 * Level 0.3(2.3) Maces & Flails
 + Level 1.4 Dodging
 * Level 0.8 Shields
 + Level 1.8 Spellcasting
 + Level 2.8 Conjurations


You had one spell level left.
You knew the following spells:

 Your Spells              Type           Power      Damage    Failure   Level
a - Kiss of Death         Conj/Necr      16%        2d6       16%         1
b - Momentum Strike       Conj/Tloc      8%         3d8       22%         2

Your spell library contained the following spells:

 Spells                   Type           Power      Damage    Failure   Level
 Hailstorm                Conj/Ice       4%         3d5       41%         3


Dungeon Overview and Level Annotations

Branches:
Dungeon (1/15)

Altars:


Innate Abilities, Weirdness & Mutations

Your spellcasting is much less encumbered by armour.
You can use scrolls of enchantment on lesser artefacts.


Message History

Found an encrusted steel ring.
A kobold comes into view. It is wielding a +0 club.
The kobold shouts!
A frilled lizard comes into view.
The frilled lizard hisses angrily.
You see here a maw talisman.
i - a maw talisman You miss the frilled lizard.
The frilled lizard completely misses you.
A gnoll comes into view.
It is wielding a +1 flail of holy wrath.
The gnoll shouts!
You hit the frilled lizard.
You kill the frilled lizard!
The kobold attacks as it pursues you! The kobold barely misses you.
You hit the kobold but do no damage. The kobold closely misses you.
You closely miss the kobold. The kobold barely misses you.
The kobold misses you.
You barely miss the kobold. The kobold hits you with a +0 club.
You closely miss the kobold. The kobold hits you with a +0 club.
You closely miss the kobold. The kobold hits you with a +0 club.
You hit the kobold but do no damage. The kobold closely misses you.
A bat comes into view.
You closely miss the bat. You hit the kobold but do no damage.
The bat misses you. The bat hits you but does no damage.
The kobold hits you with a +0 club.
You closely miss the bat. You hit the kobold.
The bat hits you but does no damage. The kobold hits you with a +0 club.
You miss the bat. You barely miss the kobold.
The bat hits you but does no damage. The kobold hits you but does no damage.
You miss the bat. You hit the kobold.
You kill the kobold!
The bat hits you but does no damage.
The gnoll hits you with a +1 flail of holy wrath!
* * * LOW HITPOINT WARNING * * *
The bat hits you but does no damage. The bat hits you.
* * * LOW HITPOINT WARNING * * *
The gnoll attacks as it pursues you!
The gnoll hits you with a +1 flail of holy wrath!
You die...

# #####.###
#...#....
#...... ....
###########.#
#.......).g@#
#...#########
#.#.=..g.
#...##### ###
#..#..K..
#ß#ß#
#..#.####
.....
#......#
#####
#..###.##
.[... #..#
#..# #ß#ß#


You could see a gnoll.

Vanquished Creatures
  2 endoplasms (D:1)
  2 hobgoblins (D:1)
  A bat (D:1)
  2 frilled lizards (D:1)
  3 kobolds (D:1)
  2 rats (D:1)
12 creatures vanquished.

Notes
Turn   | Place    | Note
-------+----------+-------------------------------------------
     0 | D:1      | yaymichael the Mountain Dwarf Reaver began the quest for
                  | the Orb.
     0 | D:1      | Reached XP level 1. HP: 17/17 MP: 3/3
   197 | D:1      | Reached XP level 2. HP: 25/25 MP: 4/4
   200 | D:1      | Learned a level 2 spell: Momentum Strike
   253 | D:1      | Slain by a gnoll

Illustrated notes

Levels and vault maps discovered:
D:1:      heliophobic_arrival_ceremonial_halls, layout_loops_ring

Action                     || total
---------------------------++-------
  Melee: Hand axe          ||    48
 Armour: Leather armour    ||    32
  Dodge: Dodged            ||    29

Table legend: (Time is in decaauts)
 A = Elapsed time spent in this place.
 B = Non-inter-level travel time spent in this place.
 C = Inter-level travel time spent in this place.
 D = Time resting spent in this place.
 E = Time spent auto-exploring this place.
 F = Levels seen in this place.
 G = Mean time per level.
                   A        B        C        D        E       F      G
               +--------+--------+--------+--------+--------+-----+--------+
         Total |    258 |    258 |      0 |      0 |     80 |   1 |  258.0 |
       Dungeon |    258 |    258 |      0 |      0 |     80 |   1 |  258.0 |
               +--------+--------+--------+--------+--------+-----+--------+

Top non-repeatable levels by time:
     D:1: 258 daAuts
